 Dungeon Crawl Stone Soup version 0.20.1-1-g8b1a95d66d (webtiles) character file.

15404 Jynx the Grappler (level 12, -8/106 HPs)
             Began as a Pale Draconian Transmuter on Dec 20, 2017.
             Was a Believer of Makhleb.
             Mangled by a seven-headed hydra (9 damage)
             ... on level 3 of the Lair of Beasts.
             The game lasted 00:34:24 (13968 turns).

Jynx the Grappler (Pale Draconian Transmuter)      Turns: 13968, Time: 00:34:25

Health: -8/106     AC:  2    Str: 14    XL:     12   Next: 0%
Magic:  14/17      EV: 23    Int: 19    God:    Makhleb [**....]
Gold:   597        SH:  2    Dex: 21    Spells: 7/18 levels left

rFire    . . .     SeeInvis .     - Unarmed
rCold    . . .     Gourm    .   (shield currently unavailable)
rNeg     + . .     Faith    .   (armour unavailable)
rPois    x         Spirit   .   (helmet currently unavailable)
rElec    .         Reflect  +   (cloak currently unavailable)
rCorr    .         Harm     .   (gloves currently unavailable)
MR       .....                  (boots currently unavailable)
Stlth    ++........             d - +2 amulet of reflection
Regen    0.3/turn               m - +4 ring of evasion
MPRegen  0.2/turn               K - ring "Pemol" {*Contam +Blink rN+ Int+3 Dex+3}

@: spider-form
A: (breathe steam), unfitting armour, AC +8
a: End Transformation, Minor Destruction, Renounce Religion, Evoke Blink


You were on level 3 of the Lair of Beasts.
You worshipped Makhleb.
Makhleb was pleased with you.
You were hungry.
You were a venomous arachnid creature.
You visited 3 branches of the dungeon, and saw 13 of its levels.

You collected 597 gold pieces.

Inventory:

Missiles
 a - 90 arrows
Armour
 l - a cursed +0 pair of boots (melded)
 o - a +2 cloak of invisibility (melded)
 D - a +0 pair of gloves (melded)
 O - a +1 hat of intelligence
Jewellery
 d - a +2 amulet of reflection (around neck)
 m - a +4 ring of evasion (left front leg)
 x - an uncursed ring of wizardry
 I - an uncursed amulet of magic regeneration {unknown}
 K - the ring "Pemol" (right front leg) {*Contam +Blink rN+ Int+3 Dex+3}
   (You found it on level 8 of the Dungeon)

   [ring of dexterity]

   It affects your intelligence (+3).
   It affects your dexterity (+3).
   It protects you from negative energy.
   It lets you blink.
   It causes magical contamination when unequipped.
 N - an uncursed ring of stealth {unknown}
Wands
 y - a wand of lightning (8/15)
 z - a wand of lightning (6/15)
 L - a wand of acid (5/15)
Scrolls
 j - 4 scrolls of immolation
 k - a scroll of blinking {unknown}
 n - 2 scrolls of magic mapping
 p - a scroll of fear {unknown}
 s - 3 scrolls of remove curse
 t - a scroll of fog {unknown}
 u - 7 scrolls of teleportation
 v - 2 scrolls of amnesia {unknown}
 w - a scroll of random uselessness {unknown}
 B - 3 scrolls of enchant weapon {unknown}
 E - a scroll of noise {unknown}
 F - a scroll of torment {unknown}
 P - a scroll of recharging {unknown}
 R - a scroll of enchant armour {unknown}
Potions
 e - 3 potions of curing
 f - a potion of magic {unknown}
 g - 2 potions of degeneration {unknown}
 i - a potion of haste {unknown}
 r - a potion of agility {unknown}
 A - a potion of cancellation
 H - a potion of experience {unknown}
 J - a potion of berserk rage {unknown}
 M - a potion of mutation {unknown}
Books
 b - a book of Changes

   Spells                             Type                      Level
   a - Beastly Appendage              Transmutation                1
   b - Sticks to Snakes               Transmutation                2
   c - Spider Form                    Transmutation/Poison         3
   d - Ice Form                       Ice/Transmutation            4
   e - Blade Hands                    Transmutation                5
 G - a book of Necromancy

   Spells                             Type                      Level
   a - Pain                           Necromancy                   1
   b - Animate Skeleton               Necromancy                   1
   c - Vampiric Draining              Necromancy                   3
   d - Regeneration                   Charms/Necromancy            3
   e - Animate Dead                   Necromancy                   4
   f - Control Undead                 Necromancy                   4
Comestibles
 c - 6 bread rations
 h - 7 meat rations
 q - a fruit
 C - 3 royal jellies


   Skills:
 + Level 10.0 Fighting
 - Level 1.7 Dodging
 * Level 13.1 Unarmed Combat
 - Level 3.5 Spellcasting
 * Level 11.1 Transmutations
 + Level 0.0 Invocations


You had 7 spell levels left.
You knew the following spells:

 Your Spells              Type           Power        Failure   Level  Hunger
a - Beastly Appendage     Tmut           #####.       1%          1    None
b - Sticks to Snakes      Tmut           #####...     2%          2    ##.....
c - Spider Form           Tmut/Pois      ###.......   13%         3    ###....
d - Blade Hands           Tmut           #####.....   13%         5    ######.


Dungeon Overview and Level Annotations

Branches:
Dungeon (9/15)             Temple (1/1) D:6            Lair (3/6) D:8
  Snake (0/4) Lair:2
  Swamp: Lair:2-4    Shoals: Lair:2-4       Orc: D:9-12

Altars:
Ashenzari
Cheibriados
Dithmenos
Elyvilon
Fedhas
Gozag
Hepliaklqana
Kikubaaqudgha
Makhleb
Nemelex Xobeh
Okawaru
Qazlal
Ru
Sif Muna
Trog
Uskayaw
Vehumet
Xom
Yredelemnul
Zin
The Shining One

Annotations:
Lair:1 exclusion: 2 oklob plants
Lair:2 exclusion: oklob plant


Innate Abilities, Weirdness & Mutations

((You can breathe blasts of scalding, opaque steam.))
((Your pale cyan-grey scales are hard. (AC +8)))
You cannot fit into any form of body armour.
((You are cold-blooded and may be slowed by cold attacks.))


Message History

You are too injured to fight recklessly!
You bite the seven-headed hydra!
The seven-headed hydra is moderately wounded.
The seven-headed hydra misses you.
The seven-headed hydra closely misses you.
The seven-headed hydra barely misses you. x2
The seven-headed hydra bites you! x3
* * * LOW HITPOINT WARNING * * *
Evoke which item? (* to show all) (? for menu, Esc to quit)
Okay, then.
You blink.
You feel slightly more hungry. The seven-headed hydra bites you.
* * * LOW HITPOINT WARNING * * *
The seven-headed hydra bites you.
* * * LOW HITPOINT WARNING * * *
The seven-headed hydra barely misses you.
The seven-headed hydra bites you!
* * * LOW HITPOINT WARNING * * *
The seven-headed hydra closely misses you.
The seven-headed hydra bites you!
You die...

##.##P### P..#.PP##...##
#....P..$.... #
#..#.......P .#
.......... ..# ##...# ...
.... #.<..# #.#...P#..#
#....###.........
#P##P...#s.# ....##
........§D..# .....###
....$.......## .......
#...........<.###....#
##..........#..P.>..##
.......#.........$...####
.......##....÷.#.........
.[...# #...........#.#.
.### #................


You could see a seven-headed hydra.

Vanquished Creatures
  Gastronok (Lair:1)
  Erica (D:8)
  A hydra (Lair:2)
  The ghost of Alannah the Covert, a journeyman DsMo of Makhleb (Lair:2)
  A two-headed ogre (D:8)
  Pikel (D:6)
  5 black mambas
  Joseph (D:8)
  5 spiny frogs
  A komodo dragon (Lair:2)
  A rime drake (Lair:2)
  Prince Ribbit (D:6)
  4 hippogriffs
  10 yaks
  Menkaure (D:6)
  4 porcupines
  9 water moccasins
  2 orc warriors
  A slave (D:6)
  An ice beast (D:7)
  A sky beast (D:7)
  An eye of draining (D:6)
  4 ogres (D:6)
  A phantom (D:4)
  A centaur (D:8)
  2 crocodiles
  A big kobold (D:9)
  7 bullfrogs
  A scorpion (Lair:1)
  A water moccasin skeleton (D:7)
  A howler monkey (D:4)
  5 crimson imps
  2 lava snakes (D:7)
  A bullfrog zombie (D:8)
  5 hounds
  An iron imp (D:7)
  Crazy Yiuf (D:2)
  2 orc priests (D:5)
  3 jellies
  6 orc wizards
  A bullfrog skeleton (D:4)
  2 iguanas (D:7)
  7 worker ants
  A hound zombie (D:3)
  A hound skeleton (D:4)
  A worker ant zombie (D:4)
  20 adders
  3 shadow imps
  2 oozes (D:3)
  2 adder skeletons
  6 worms
  4 dart slugs
  5 leopard geckos
  15 orcs
  5 ball pythons
  7 giant cockroaches
  6 goblins (D:2)
  7 hobgoblins
  6 jackals
  10 kobolds
  9 quokkas
  6 bats
  2 frilled lizards
  A leopard gecko skeleton (D:6)
  5 rats
233 creatures vanquished.

Vanquished Creatures (others)
  An orc wizard (D:5)
  A hound zombie (D:6)
  A shadow imp (D:6)
  2 fungi (Lair:2)
  7 plants
12 creatures vanquished.

Grand Total: 245 creatures vanquished

Notes
Turn   | Place    | Note
-------+----------+-------------------------------------------
     0 | D:1      | Jynx the Draconian Transmuter began the quest for the Orb.
     0 | D:1      | Reached XP level 1. HP: 16/16 MP: 3/3
   560 | D:1      | Reached XP level 2. HP: 23/23 MP: 5/5
   737 | D:1      | You fall through a shaft!
  1224 | D:2      | Reached XP level 3. HP: 10/29 MP: 3/6
  1553 | D:2      | Reached skill level 4 in Unarmed Combat
  1859 | D:2      | Reached XP level 4. HP: 37/37 MP: 7/7
  2395 | D:2      | Learned a level 2 spell: Sticks to Snakes
  2399 | D:2      | Learned a level 3 spell: Spider Form
  2435 | D:2      | Found a runed door.
  2783 | D:2      | Noticed Crazy Yiuf
  2799 | D:2      | HP: 2/55 [Crazy Yiuf/quarterstaff of chaos (4)]
  2801 | D:2      | Killed Crazy Yiuf
  2801 | D:2      | Reached XP level 5. HP: 3/45 MP: 1/8
  3145 | D:3      | Found a shadowy altar of Dithmenos.
  3435 | D:3      | Reached skill level 5 in Unarmed Combat
  3887 | D:3      | Reached XP level 6. HP: 49/52 MP: 9/9
  3999 | D:3      | Found a bloodstained altar of Trog.
  4954 | D:4      | Reached skill level 6 in Unarmed Combat
  4954 | D:4      | Your scales start taking on a pale cyan-grey colour.
  4954 | D:4      | Reached XP level 7. HP: 58/59 MP: 8/10
  5216 | D:5      | Entered Level 5 of the Dungeon
  5311 | D:5      | Found a radiant altar of Vehumet.
  6132 | D:5      | Reached skill level 7 in Unarmed Combat
  6402 | D:6      | Noticed Pikel
  6428 | D:6      | Killed Pikel
  6428 | D:6      | Reached skill level 5 in Fighting
  6428 | D:6      | Reached skill level 5 in Transmutations
  6428 | D:6      | Reached XP level 8. HP: 48/69 MP: 8/11
  6455 | D:6      | Reached skill level 8 in Unarmed Combat
  6601 | D:6      | Noticed Menkaure
  6626 | D:6      | Killed Menkaure
  6758 | D:6      | Noticed Prince Ribbit
  6769 | D:6      | Killed Prince Ribbit
  6769 | D:6      | Reached skill level 9 in Unarmed Combat
  6917 | D:6      | Found a staircase to the Ecumenical Temple.
  6926 | Temple   | Entered the Ecumenical Temple
  6999 | Temple   | Became a worshipper of Makhleb the Destroyer
  7121 | D:6      | Reached XP level 9. HP: 75/78 MP: 8/12
  7478 | D:6      | Found a blossoming altar of Fedhas.
  8591 | D:7      | Found an iron altar of Okawaru.
  8604 | D:7      | Reached skill level 10 in Unarmed Combat
  8616 | D:7      | Found a glowing silver altar of Zin.
  8616 | D:7      | Found an opulent altar of Gozag.
  8893 | D:7      | Found a snail-covered altar of Cheibriados.
  9009 | D:8      | Found a glowing silver altar of Zin.
  9137 | D:8      | Found a staircase to the Lair.
  9201 | D:8      | Noticed Erica
  9242 | D:8      | Killed Erica
  9620 | D:8      | Noticed a two-headed ogre
  9629 | D:8      | Killed a two-headed ogre
  9629 | D:8      | Reached XP level 10. HP: 50/88 MP: 9/13
  9791 | D:8      | Learned a level 5 spell: Blade Hands
  9804 | D:8      | Noticed Joseph
  9825 | D:8      | Killed Joseph
  9988 | D:8      | Noticed a spiny frog
  9993 | D:8      | Killed a spiny frog
  9993 | D:8      | Reached skill level 11 in Unarmed Combat
  9997 | D:8      | Reached * piety under Makhleb
 10131 | D:8      | Got a vibrating granite ring
 10583 | Lair:1   | Entered Level 1 of the Lair of Beasts
 10668 | Lair:1   | Noticed a spiny frog
 10675 | Lair:1   | Killed a spiny frog
 10899 | Lair:1   | Noticed Gastronok
 10912 | Lair:1   | Killed Gastronok
 10912 | Lair:1   | Reached XP level 11. HP: 43/97 MP: 9/14
 11072 | Lair:1   | Identified the ring "Pemol" {*Contam +Blink rN+ Int+3 Dex+3} (You found it on level 8 of the Dungeon)
 11149 | Lair:1   | Reached skill level 12 in Unarmed Combat
 11192 | Lair:1   | Reached skill level 10 in Transmutations
 11327 | Lair:1   | Reached ** piety under Makhleb
 11410 | Lair:1   | Noticed an oklob plant
 11410 | Lair:1   | Noticed an oklob plant
 11939 | Lair:2   | Noticed Alannah's ghost (journeyman DsMo)
 11951 | Lair:2   | Killed Alannah's ghost
 12488 | Lair:2   | Found a staircase to the Snake Pit.
 12553 | Lair:2   | Noticed a five-headed hydra
 12574 | Lair:2   | Killed a five-headed hydra
 12882 | Lair:2   | Noticed an oklob plant
 12911 | Lair:2   | Reached skill level 13 in Unarmed Combat
 13222 | Lair:2   | Reached skill level 10 in Fighting
 13307 | Lair:2   | Reached XP level 12. HP: 103/106 MP: 17/17
 13623 | Lair:3   | Noticed a five-headed hydra
 13968 | Lair:3   | HP: 1/106 [seven-headed hydra (14)]
 13968 | Lair:3   | Mangled by a seven-headed hydra

Skill      XL: |  1  2  3  4  5  6  7  8  9 10 11 |
---------------+----------------------------------+-----
Fighting       | 2 3 4 5 6 8 9 10 | 10.0
Unarmed Combat | 4 5 6 7 9 10 11 13 | 13.1
Transmutations | 3 5 6 8 9 11 | 11.1
Spellcasting   | 3 |  3.5
Dodging        | |  1.7

Action                   |  1- 3 |  4- 6 |  7- 9 | 10-12 || total
-------------------------+-------+-------+-------+-------++-------
Melee: Unarmed           |   125 |   269 |   353 |   261 ||  1008
       Tailslap          |    13 |    32 |    22 |    26 ||    93
       Punch             |     1 |     7 |     4 |    12 ||    24
       Kick              |     1 |       |       |       ||     1
       Headbutt          |     5 |    29 |     9 |       ||    43
 Cast: Beastly Appendage |     9 |    24 |    10 |       ||    43
       Sticks to Snakes  |       |     3 |       |       ||     3
       Spider Form       |       |       |    11 |     6 ||    17
       Blade Hands       |       |       |       |    17 ||    17
 Abil: Evoke Blink       |       |       |       |     2 ||     2
  Use: Scroll            |       |     4 |     6 |     1 ||    11
       Potion            |       |       |     1 |     1 ||     2
 Stab: Sleeping          |     1 |       |     2 |       ||     3
  Eat: Chunk             |     3 |     6 |    17 |    18 ||    44
       Meat ration       |       |     1 |       |       ||     1
       Fruit             |       |       |       |     2 ||     2
Armor: Skin              |    43 |    96 |    63 |    58 ||   260
Dodge: Dodged            |    81 |   196 |   195 |   218 ||   690
Block: Other             |       |       |    20 |    13 ||    33
